 Dungeon Crawl Stone Soup version 0.28.0-45-g0d030f2227 (webtiles) character file.

Game seed: 1074964411498027990

6419 Descartes the Brawler (level 10, 0/88 HPs)
             Began as a Troll Delver on Apr 13, 2022.
             Slain by an orc warrior
             ... wielding a +0 war axe
              (18 damage)
             ... in a bailey.
             The game lasted 00:14:27 (7197 turns).

Descartes the Brawler (Troll Delver)                Turns: 7197, Time: 00:14:27

Health: 0/88       AC:  9    Str: 22    XL:     10   Next: 66%
Magic:  9/9        EV: 10    Int: 10    God:
Gold:   592        SH:  0    Dex: 11    Spells: 1/9 levels left

rFire   + . .      SeeInvis +     - Unarmed
rCold   + . .      Faith    .   (no shield)
rNeg    . . .      Spirit   .   C - +0 robe {rC+ rF+}
rPois   .          Reflect  .   i - +2 hat
rElec   .          Harm     .   s - +2 cloak
rCorr   .          Rampage  .   (gloves unavailable)
Will    .....                   (boots unavailable)
Stlth   ++........              (no amulet)
HPRegen 1.04/turn               L - ring of see invisible
MPRegen 0.11/turn               J - ring of wizardry

@: hasted, very quick
A: large, unfitting armour, claws 3, regeneration 1, shaggy fur 1, tough skin 1
a: no special abilities


You were in a bailey.
You visited 2 branches of the dungeon, and saw 10 of its levels.
You also visited: Bailey.

You collected 592 gold pieces.

Inventory:

Hand Weapons
 r - a +3 quarterstaff of chaos
 P - a +4 morningstar
Missiles
 m - 300 stones (quivered)
 n - 14 boomerangs
 o - 4 throwing nets
 t - 105 arrows
 v - 3 boomerangs of dispersal
 x - 19 poisoned darts
 y - 55 sling bullets
 B - 5 curare-tipped darts
 F - 34 bolts
 H - 3 atropa-tipped darts
Armour
 i - a +2 hat (worn)
 s - a +2 cloak (worn)
 C - a +0 robe of resistance (worn)
Jewellery
 J - a ring of wizardry (right claw)
 L - a ring of see invisible (left claw)
Wands
 f - a wand of digging (3)
 q - a wand of charming (12)
 D - a wand of polymorph (10)
Scrolls
 b - a scroll of fog
 c - 3 scrolls of magic mapping
 d - a scroll of fear
 h - 8 scrolls of identify {unknown}
 j - 2 scrolls of acquirement {unknown}
 l - 4 scrolls of enchant weapon {unknown}
 u - a scroll of silence {unknown}
 I - 2 scrolls of teleportation {unknown}
 K - 2 scrolls of vulnerability {unknown}
 N - 2 scrolls of amnesia {unknown}
Potions
 a - 2 potions of magic {unknown}
 e - a potion of haste
 g - 2 potions of resistance {unknown}
 k - a potion of ambrosia {unknown}
 z - a potion of curing {unknown}
 A - a potion of lignification {unknown}
 E - 3 potions of might {unknown}
 G - a potion of invisibility {unknown}
 M - 2 potions of degeneration {unknown}
 O - a potion of flight {unknown}


   Skills:
 - Level 2.4 Fighting
 - Level 2.0 Dodging
 - Level 2.7 Stealth
 - Level 15.0 Unarmed Combat
 + Level 4.3 Transmutations


You had one spell level left.
You knew the following spells:

 Your Spells              Type           Power      Damage    Failure   Level
a - Blade Hands           Tmut           4%         N/A       54%         5
b - Passwall              Tmut/Erth      3%         N/A       10%         2
c - Apportation           Tloc           0%         N/A       16%         1

Your spell library contained the following spells:

 Spells                   Type           Power      Damage    Failure   Level
 Sting                    Tmut/Pois      16%        1d3       6%          1
 Freeze                   Ice            0%         1d3       16%         1
 Sandblast                Erth           0%         2d4       16%         1
 Poisonous Vapours        Pois/Air       0%         N/A       22%         2
 Ignite Poison            Fire/Tmut/Pois 2%         N/A       26%         3
 Conjure Flame            Conj/Fire      0%         6-21      41%         3
 Dazzling Flash           Conj/Hex       0%         N/A       41%         3
 Frozen Ramparts          Ice            0%         1d2       41%         3
 Mephitic Cloud           Conj/Pois/Air  0%         N/A       41%         3
 Portal Projectile        Hex/Tloc       0%         N/A       41%         3
 Stone Arrow              Conj/Erth      0%         3d7       41%         3
 Hailstorm                Conj/Ice       0%         3d3       80%         4
 Olgreb's Toxic Radiance  Pois           0%         N/A       80%         4
 Sticky Flame             Conj/Fire      0%         2d3       80%         4
 Alistair's Intoxication  Tmut/Pois      2%         N/A       83%         5
 Agony                    Necr           0%         N/A       98%         5
 Excruciating Wounds      Necr           0%         N/A       98%         5
 Freezing Cloud           Conj/Ice/Air   0%         6-21      98%         5
 Silence                  Hex/Air        0%         N/A       98%         5


Dungeon Overview and Level Annotations

Branches:
Dungeon (9/15)             Temple (1/1) D:6          Bailey (1/1)
   Lair: D:8-11         Orc: D:9-12

Altars:
Ashenzari
Cheibriados
Dithmenos
Elyvilon
Fedhas
Gozag
Hepliaklqana
Kikubaaqudgha
Makhleb
Nemelex Xobeh
Okawaru
Qazlal
Ru
Sif Muna
Trog
Uskayaw
Vehumet
Wu Jian
Xom
Yredelemnul
Zin
The Shining One

Shops:
D:6 ?


Innate Abilities, Weirdness & Mutations

You are too large for most types of armour.
You have claws for hands.
Your natural rate of healing is unusually fast.
You are covered in fur. (AC +1)
You have tough skin. (AC +1)


Message History

The orc knight hits you with a +0 war axe!!
You closely miss the orc knight.
The orc knight is moderately wounded.
The goblin hits you but does no damage.
You barely miss the orc knight.
The orc knight is moderately wounded.
The orc knight hits you with a +0 war axe!!
* * * LOW HITPOINT WARNING * * *
You feel much better. The goblin hits you with a +0 war axe.
The orc knight hits you with a +0 war axe!
* * * LOW HITPOINT WARNING * * *
You claw the orc knight!
The orc knight is heavily wounded.
The kobold hits you but does no damage.
You mangle the orc knight!!
The orc knight is almost dead.
The goblin barely misses you.
The orc knight roars a battlecry!
The orc warrior goes into a battle-frenzy!
You closely miss the orc knight.
The orc knight is almost dead.
The kobold hits you but does no damage.
You claw the orc knight!
You kill the orc knight!
The goblin hits you with a +0 war axe.
* * * LOW HITPOINT WARNING * * *
Training target 15.0 for Unarmed Combat reached!
Your Unarmed Combat skill increases to level 15!
Your Transmutations skill increases to level 4!
Okay, then.
You mangle the kobold!!
You kill the kobold!
You scratch the goblin.
The goblin is severely wounded.
You mangle the goblin!!
You kill the goblin!
You mangle the orc warrior!!
The orc warrior is almost dead.
The orc warrior hits you with a +0 war axe!!
You die...

##### ###...###
##.......##
#.........#
#....∩....#
#.........#
##.......## ##.....##
##)@.### ####.o(##
####.....##
###.......##
####..(...∩..##
###.............#
.....(..≈≈≈≈≈≈≈≈≈#
.....≈≈≈≈≈≈≈≈≈≈≈≈≈≈#
...≈≈≈≈≈#########≈≈≈≈#


You could see an orc warrior (strong).

Vanquished Creatures
  An orc knight (Bailey)
  Pikel (D:4)
  Sigmund (D:3)
  Eustachio (D:5)
  A wyvern (D:9)
  Menkaure (D:5)
  Duvessa (D:6)
  A water moccasin (D:7)
  3 ice beasts
  2 orc warriors
  3 sky beasts
  3 black bears
  3 ogres
  2 centaurs (D:8)
  3 lemures (D:4)
  A phantom (D:6)
  3 kobold brigands
  2 gnoll sergeants
  A bullfrog (D:6)
  A scorpion (D:5)
  Dowan (D:6)
  26 killer bees
  8 wights
  2 howler monkeys (D:7)
  4 bullfrog zombies
  3 jellies (D:4)
  3 centaur zombies
  A gnoll shaman (D:3)
  Crazy Yiuf (D:5)
  2 bullfrog skeletons (D:6)
  2 orc priests
  5 hounds
  A scorpion zombie (D:5)
  4 iguanas
  7 orc wizards
  A howler monkey skeleton (D:7)
  15 gnolls
  An adder (D:2)
  A shadow imp (D:3)
  A white imp (D:6)
  An adder skeleton (D:4)
  6 dart slugs
  29 orcs
  7 ball pythons
  7 bats
  4 endoplasms (D:1)
  2 giant cockroaches (D:1)
  10 goblins
  3 hobgoblins
  23 kobolds
  3 quokkas
  3 frilled lizards
  5 rats
227 creatures vanquished.

Vanquished Creatures (others)
  2 fungi (D:5)
2 creatures vanquished.

Grand Total: 229 creatures vanquished

Notes
Turn   | Place    | Note
-------+----------+-------------------------------------------
     0 | D:5      | Descartes the Troll Delver began the quest for the Orb.
     0 | D:5      | Reached XP level 1. HP: 22/22 MP: 0/0
    15 | D:5      | Noticed Eustachio
    16 | D:5      | Noticed a crimson imp
    19 | D:5      | Noticed an iguana
    26 | D:5      | Killed Eustachio
    27 | D:5      | Reached skill level 5 in Unarmed Combat
    27 | D:5      | Reached XP level 2. HP: 12/29 MP: 1/1
    27 | D:5      | Reached XP level 3. HP: 15/36 MP: 2/2
    27 | D:5      | Reached XP level 4. HP: 18/44 MP: 3/3
    27 | D:5      | Reached XP level 5. HP: 21/50 MP: 4/4
    95 | D:5      | Reached skill level 6 in Unarmed Combat
   124 | D:5      | Reached XP level 6. HP: 59/59 MP: 5/5
   167 | D:5      | Noticed Menkaure
   198 | D:5      | Killed Menkaure
   199 | D:5      | Reached skill level 7 in Unarmed Combat
   276 | D:5      | Noticed a sky beast
   288 | D:5      | Killed a sky beast
   289 | D:5      | Reached XP level 7. HP: 57/66 MP: 6/6
   372 | D:5      | Found a shimmering blue altar of Sif Muna.
   461 | D:5      | Reached skill level 8 in Unarmed Combat
  1055 | D:5      | Found a runed translucent door.
  1056 | D:5      | Noticed Crazy Yiuf
  1062 | D:5      | Killed Crazy Yiuf
  1134 | D:6      | Reached skill level 9 in Unarmed Combat
  1213 | D:6      | Reached XP level 8. HP: 38/74 MP: 7/7
  1316 | D:6      | Reached skill level 10 in Unarmed Combat
  1390 | D:6      | Noticed Duvessa
  1391 | D:6      | Noticed Dowan
  1398 | D:6      | Killed Duvessa
  1402 | D:6      | Killed Dowan
  1497 | D:6      | Found a staircase to the Ecumenical Temple.
  1670 | Temple   | Entered the Ecumenical Temple
  1994 | D:6      | Reached skill level 11 in Unarmed Combat
  2199 | D:6      | Found Wis Ybat's Magic Scroll Emporium.
  2316 | D:7      | Reached XP level 9. HP: 79/80 MP: 8/8
  2326 | D:7      | Reached skill level 12 in Unarmed Combat
  3074 | D:8      | Reached skill level 13 in Unarmed Combat
  3241 | D:4      | Noticed Pikel
  3262 | D:4      | Killed Pikel
  3413 | D:4      | Reached skill level 14 in Unarmed Combat
  3426 | D:4      | Learned a level 5 spell: Blade Hands
  3429 | D:4      | Learned a level 2 spell: Passwall
  4366 | D:3      | Reached skill level 1 in Transmutations
  4515 | D:3      | Noticed Sigmund
  4524 | D:3      | Killed Sigmund
  4525 | D:3      | Reached XP level 10. HP: 84/88 MP: 9/9
  5829 | D:1      | Found a faded altar of an unknown god.
  6726 | D:8      | Learned a level 1 spell: Apportation
  6952 | D:9      | Found a sacrificial altar of Ru.
  7106 | D:9      | Found a flagged portal.
  7131 | Bailey   | Entered a bailey
  7157 | Bailey   | Noticed an orc knight
  7193 | Bailey   | Killed an orc knight
  7194 | Bailey   | Reached skill level 15 in Unarmed Combat
  7197 | Bailey   | Slain by an orc warrior

Illustrated notes

Levels and vault maps discovered:
D:1:      psy_arrival_whirlpool, layout_loops_ring,
          shapermc_ecumenical_altar_ellora, minmay_statues_item
D:2:      layout_rooms, minivault_4, chequers_arboretum
D:3:      layout_basic, uniq_sigmund
D:4:      layout_loops_corners, columned_hall_lemuel, minivault_5,
          lightli_corner_chamber, uniq_pikel
D:5:      layout_basic, chequers_hall_statues_corner_a, kennysheep_flooded_box,
          minmay_misc_feat_x, uniq_menkaure, uniq_crazy_yiuf_cottage,
          uniq_eustachio
D:6:      layout_loops_ring, minmay_temple_entry_tees, serial_shops,
          shop_statue, st_stairs_3, uniq_duvessa
D:7:      layout_basic, minivault_25
D:8:      layout_rooms, feat_on_display
D:9:      layout_irregular_city, nicolae_ru_great_annihilating_truth,
          enter_bailey_5
Temple:   mainiacjoe_temple_archimedes_tessellation
Bailey:   bailey_axe_4, bailey

Skill      XL: |  1  2  3  4  5  6  7  8  9 10 |
---------------+-------------------------------+-----
Dodging        | 2 |  2.0
Unarmed Combat | 5 6 7 9 11 14 15 | 15.0
Transmutations | 1 4 |  4.3
Fighting       | |  2.4
Stealth        | |  2.7

Action                   |  1- 3 |  4- 6 |  7- 9 | 10-12 || total
-------------------------+-------+-------+-------+-------++-------
Melee: Unarmed           |     8 |    38 |   294 |   244 ||   584
       Punch             |       |     4 |    17 |    12 ||    33
  Use: Potion            |       |       |       |     4 ||     4
       Scroll            |       |       |       |     1 ||     1
 Stab: Sleeping          |       |     1 |     2 |     5 ||     8
Armor: Robe              |     6 |     7 |   101 |   105 ||   219
Dodge: Dodged            |     8 |    14 |   126 |    97 ||   245
